 Dungeon Crawl Stone Soup version 0.19.0-20-gbc5f0c6 (webtiles) character file.

26565 Ladykiller69 the Grappler (level 12, -11/124 HPs)
             Began as a Troll Fighter on Nov 16, 2016.
             Was a Follower of Uskayaw.
             Mangled by an orc warrior
             ... wielding a +4 scimitar
              (27 damage)
             ... while paralysed by an orc sorcerer
             ... on level 2 of the Orcish Mines.
             The game lasted 00:34:44 (9684 turns).

Ladykiller69 the Grappler (Troll Fighter)           Turns: 9684, Time: 00:34:44

Health: -11/124    AC:  8    Str: 27    XL:     12   Next: 99%
Magic:  16/16      EV:  1    Int: 11    God:    Uskayaw [*.....]
Gold:   1515       SH:  0    Dex: 13    Spells: 0 memorised, 11 levels left

rFire  . . .     SeeInvis +       - Unarmed
rCold  . . .     Gourm    +     K - +1 troll leather armour
rNeg   + + +     Faith    .     b - +0 shield
rPois  .         Spirit   .     (helmet restricted)
rElec  .         Reflect  .     q - +1 cloak
rCorr  .         Harm     .     (gloves unavailable)
MR     .....                    (boots unavailable)
Stlth  +.........               (no amulet)
                                Z - -2 ring of protection (curse)
                                I - ring "Cuesuxos" {rN+++ MR- Int+7 SInv}

@: paralysed, studying Fighting
A: unfitting armour, claws 3, fast metabolism 3, gourmand, regeneration 1,
shaggy fur 1, tough skin 2
a: Stomp, Renounce Religion


You were on level 2 of the Orcish Mines.
You worshipped Uskayaw.
Uskayaw was noncommittal.
You were very full.

You visited 3 branches of the dungeon, and saw 17 of its levels.

You collected 1515 gold pieces.

Inventory:

Missiles
 l - 439 stones
 v - 32 tomahawks (quivered)
 L - 3 large rocks
Armour
 a - a +0 robe
 b - a +0 shield (worn)
 q - a +1 cloak (worn)
 K - a +1 troll leather armour (worn)
 O - +0 steam dragon scales
Jewellery
 p - an uncursed ring of ice
 u - an uncursed ring of resist corrosion
 z - an uncursed ring of flight
 I - the ring "Cuesuxos" (left claw) {rN+++ MR- Int+7 SInv}
   (You found it on level 6 of the Dungeon)

   [ring of see invisible]

   It affects your intelligence (+7).
   It renders you almost immune to negative energy.
   It affects your resistance to hostile enchantments.
   It lets you see invisible.
 N - an uncursed ring of fire
 P - an uncursed ring of see invisible
 Z - a cursed -2 ring of protection (right claw)
Wands
 y - a wand of acid (8/15)
 M - a wand of acid (6/15)
 R - a wand of polymorph (7/24)
 U - a wand of iceblast (8/15)
 V - a wand of acid (9/15)
Scrolls
 f - 2 scrolls of identify
 i - 2 scrolls of blinking
 j - a scroll of noise
 o - 3 scrolls of amnesia
 C - 4 scrolls of remove curse
 G - 3 scrolls of immolation
 H - 2 scrolls of magic mapping
 Q - a scroll of recharging {unknown}
 S - a scroll of enchant weapon {unknown}
 W - a scroll of teleportation {unknown}
Potions
 c - 3 potions of might
 e - 3 potions of agility
 g - 5 potions of curing
 h - 2 potions of ambrosia
 k - 5 potions of lignification
 m - 3 potions of haste
 n - 2 potions of heal wounds
 w - a potion of cure mutation
 x - 2 potions of mutation
 D - 2 potions of cancellation {unknown}
 E - a potion of magic
 F - a potion of resistance {unknown}
 J - a potion of invisibility {unknown}
 Y - a potion of flight {unknown}
Books
 T - a manual of Fighting
 X - a book of Maledictions

   Spells                             Type                      Level
   a - Corona                         Hexes                        1
   b - Ensorcelled Hibernation        Hexes/Ice                    2
   c - Confuse                        Hexes                        3
   d - Tukima's Dance                 Hexes                        3
   e - Dazzling Spray                 Conjuration/Hexes            3
Comestibles
 d - 8 bread rations
 r - 4 meat rations
 s - 7 beef jerkies
 t - 10 slices of pizza
 A - 4 fruits


   Skills:
 + Level 9.6 Fighting
 + Level 4.1 Armour
 + Level 6.0 Dodging
 - Level 9.1 Shields
 * Level 13.8 Unarmed Combat
 * Level 6.9 Invocations


You had 11 spell levels left.
You didn't know any spells.

Dungeon Overview and Level Annotations

Branches:
Dungeon (14/15)            Temple (1/1) D:4            Lair (0/6) D:8
    Orc (2/2) D:11
    Elf: Orc:2       Vaults: D:13-14

Altars:
Ashenzari
Dithmenos
Elyvilon
Kikubaaqudgha
Nemelex Xobeh
Okawaru
Qazlal
Trog
Uskayaw
Xom
Beogh

Shops:
Orc:2 (

Annotations:
D:4 1 runed door


Innate Abilities, Weirdness & Mutations

You are too large for most types of armour.
You have claws for hands.
Your metabolism is lightning-fast.
You like to eat raw meat.
Your natural rate of healing is unusually fast.
You are covered in fur. (AC +1)
You have very tough skin. (AC +2)


Message History

The troll bites you! The troll claws you! x2
The troll bites you but does no damage. The troll claws you!
The troll claws you.
The red devil hits you but does no damage.
The orc warrior hits you with an enchanted scimitar!
The troll bites you but does no damage. The troll claws you!
* * * LOW HITPOINT WARNING * * *
The troll claws you.
* * * LOW HITPOINT WARNING * * *
The red devil hits you but does no damage.
The orc knight roars a battlecry!
The orcs go into a battle-frenzy!
The troll bites you.
* * * LOW HITPOINT WARNING * * *
The troll claws you.
* * * LOW HITPOINT WARNING * * *
The troll claws you.
* * * LOW HITPOINT WARNING * * *
The orc warrior hits you with an enchanted scimitar!!
You die...

........#####
.....).##...##..................
......)#.8.8.#..o...............
....))[)...._#............#..P...
.....<)#.8.8.#...................
....[..##...##.................8.
........#####...4o..........P....
..........#.....o#.........#.P.P.
................@Too.#...4.4.4.o.
................o4..4...#........
.................o...4...........
............................#....
............................# #..
...#.......................#.. .
...............................
...........................#..#
............................###


You could see an orc knight, an ice devil, a troll, a chaos spawn, 2 orc
sorcerers, 2 red devils, 2 orc warriors and 2 orcs.

Vanquished Creatures
  An orc warlord (Orc:2)
  An orc high priest (Orc:2)
  A fire crab (shapeshifter) (D:13)
  An unseen horror (D:12)
  4 hill giants
  9 ugly things
  3 orc sorcerers
  7 deep elf magi (D:13)
  A cyclops (Orc:1)
  2 gargoyles (D:11)
  A spiny frog (shapeshifter) (D:12)
  A komodo dragon (D:12)
  6 trolls
  A hornet (D:8)
  A two-headed ogre (D:9)
  5 slime creatures (D:13)
  A hippogriff (D:11)
  A shadow (D:13)
  Sigmund (D:4)
  A vampire (D:13)
  A wyvern (D:11)
  A human (D:9)
  3 steam dragons
  Grum (D:8)
  2 vampire mosquitoes (D:13)
  3 wargs
  Edmund (D:5)
  2 mottled dragons
  Menkaure (D:5)
  10 orc warriors
  4 black bears
  A black bear (shapeshifter) (D:14)
  6 ogres
  2 phantoms
  A sky beast (D:11)
  2 eyes of draining
  An ice beast (D:11)
  2 wolves (D:7)
  14 centaurs
  A necrophage (D:13)
  3 crocodiles
  2 big kobolds
  11 bullfrogs
  2 wyvern skeletons
  5 scorpions
  8 wights (D:10)
  3 howler monkeys
  A centaur zombie (D:7)
  3 crimson imps
  2 bullfrog zombies
  4 hounds
  2 jellies
  A quasit (D:13)
  16 orc wizards
  6 orc priests
  2 centaur skeletons
  2 bullfrog skeletons
  4 iguanas
  5 worker ants
  A hound zombie (D:6)
  A howler monkey skeleton (D:10)
  10 adders
  7 gnolls
  4 river rats
  4 shadow imps
  An adder zombie (D:5)
  An adder skeleton (D:7)
  5 worms
  A dart slug (D:2)
  5 leopard geckos
  61 orcs
  2 ball pythons
  A bat zombie (D:8)
  4 giant cockroaches
  6 goblins
  6 hobgoblins
  4 jackals (D:7)
  13 kobolds
  6 quokkas
  14 bats
  4 frilled lizards
  2 quokka skeletons (D:8)
  20 rats
  3 rat zombies (D:8)
376 creatures vanquished.

Vanquished Creatures (others)
  6 fungi
  A plant (D:8)
7 creatures vanquished.

Grand Total: 383 creatures vanquished

Notes
Turn   | Place    | Note
-------+----------+-------------------------------------------
     0 | D:1      | Ladykiller69 the Troll Fighter began the quest for the Orb.
     0 | D:1      | Reached XP level 1. HP: 22/22 MP: 0/0
   174 | D:1      | Reached XP level 2. HP: 29/29 MP: 1/1
   755 | D:2      | Found a stormy altar of Qazlal.
   785 | D:2      | Reached XP level 3. HP: 36/36 MP: 2/2
   860 | D:2      | Reached skill level 3 in Unarmed Combat
   979 | D:2      | Found a stormy altar of Qazlal.
  1242 | D:3      | Reached XP level 4. HP: 35/44 MP: 3/3
  1807 | D:3      | Noticed a moth of wrath
  1810 | D:3      | Found a bloodstained altar of Trog.
  1850 | D:4      | Found a staircase to the Ecumenical Temple.
  1854 | Temple   | Entered the Ecumenical Temple
  1857 | Temple   | Reached XP level 5. HP: 48/53 MP: 4/4
  1891 | Temple   | Became a worshipper of Uskayaw the Reveler
  1941 | D:4      | Reached * piety under Uskayaw
  1944 | D:4      | Reached ** piety under Uskayaw
  2014 | D:4      | Noticed Sigmund
  2033 | D:4      | Killed Sigmund
  2033 | D:4      | Reached skill level 4 in Unarmed Combat
  2033 | D:4      | Reached XP level 6. HP: 58/61 MP: 5/5
  2033 | D:4      | Reached *** piety under Uskayaw
  2055 | D:4      | Found a runed door.
  2383 | D:5      | Entered Level 5 of the Dungeon
  2425 | D:5      | Noticed Edmund
  2487 | D:5      | Noticed Menkaure
  2524 | D:4      | Reached **** piety under Uskayaw
  2585 | D:5      | Reached XP level 7. HP: 52/67 MP: 6/6
  2697 | D:5      | Killed Edmund
  2697 | D:5      | Reached skill level 5 in Unarmed Combat
  2729 | D:5      | Killed Menkaure
  2974 | D:5      | Reached skill level 5 in Shields
  3382 | D:6      | Reached skill level 6 in Unarmed Combat
  3390 | D:6      | Reached XP level 8. HP: 59/75 MP: 7/7
  3533 | D:6      | Got a smoking iron ring
  3542 | D:6      | Identified the ring "Cuesuxos" {rN+++ MR- Int+7 SInv} (You found it on level 6 of the Dungeon)
  3559 | D:6      | Found a shimmering altar of Xom.
  3580 | D:6      | Reached skill level 7 in Unarmed Combat
  4606 | D:8      | Noticed Grum
  4740 | D:8      | Reached skill level 8 in Unarmed Combat
  4755 | D:8      | Reached XP level 9. HP: 81/81 MP: 8/8
  5154 | D:8      | Found a staircase to the Lair.
  5229 | D:8      | Killed Grum
  5229 | D:8      | Reached skill level 9 in Unarmed Combat
  5305 | D:8      | Found an ancient bone altar of Kikubaaqudgha.
  5380 | D:9      | Found a sparkling altar of Nemelex Xobeh.
  5381 | D:9      | Noticed a troll
  5397 | D:9      | Reached ***** piety under Uskayaw
  5503 | D:9      | Killed a troll
  5534 | D:9      | Found a shadowy altar of Dithmenos.
  5647 | D:9      | Found a shattered altar of Ashenzari.
  5674 | D:9      | Reached skill level 10 in Unarmed Combat
  5674 | D:9      | Reached XP level 10. HP: 91/91 MP: 9/9
  5714 | D:9      | Found an iron altar of Okawaru.
  5895 | D:10     | Entered Level 10 of the Dungeon
  6256 | D:10     | Noticed a hill giant
  6263 | D:10     | Killed a hill giant
  6324 | D:10     | Reached skill level 11 in Unarmed Combat
  6509 | D:11     | Noticed a brown ugly thing
  6526 | D:10     | Killed a brown ugly thing
  6526 | D:10     | Reached skill level 5 in Fighting
  6566 | D:11     | Noticed a hill giant
  6572 | D:11     | Killed a hill giant
  6689 | D:11     | Noticed a purple ugly thing
  6700 | D:11     | Killed a purple ugly thing
  6700 | D:11     | Reached XP level 11. HP: 86/107 MP: 10/10
  6789 | D:11     | Noticed a purple ugly thing
  6812 | D:11     | Killed a purple ugly thing
  6812 | D:11     | Reached skill level 1 in Invocations
  6816 | D:11     | Reached ****** piety under Uskayaw
  6818 | D:11     | Reached skill level 1 in Armour
  6839 | D:11     | Noticed a red ugly thing
  6852 | D:11     | Killed a red ugly thing
  6852 | D:11     | Reached skill level 12 in Unarmed Combat
  6987 | D:11     | Noticed a hill giant
  6996 | D:11     | Killed a hill giant
  7058 | D:11     | Found a staircase to the Orcish Mines.
  7522 | D:12     | Noticed a green ugly thing
  7535 | D:12     | Killed a green ugly thing
  7658 | D:12     | Noticed a hill giant
  7665 | D:12     | Killed a hill giant
  7970 | D:13     | Noticed an unseen horror
  7991 | D:12     | Killed an unseen horror
  8000 | D:13     | Reached XP level 12. HP: 84/120 MP: 14/14
  8001 | D:13     | Reached skill level 5 in Dodging
  8044 | D:13     | Noticed a six-headed hydra
  8181 | D:13     | Reached skill level 5 in Invocations
  8366 | D:13     | Reached skill level 13 in Unarmed Combat
  8468 | D:13     | Noticed a rakshasa
  8945 | Orc:1    | Entered Level 1 of the Orcish Mines
  9383 | Orc:2    | Entered Level 2 of the Orcish Mines
  9391 | Orc:2    | Noticed an orc warlord
  9475 | Orc:2    | Found Bic Ceac's Antique Weapon Shoppe.
  9566 | Orc:2    | Found a roughly hewn altar of Beogh.
  9566 | Orc:2    | Noticed an orc high priest
  9583 | Orc:2    | Killed an orc warlord
  9590 | Orc:2    | Killed an orc high priest
  9595 | Orc:2    | Paralysed by an orc sorcerer for 2 turns
  9679 | Orc:2    | Paralysed by an orc sorcerer for 6 turns
  9684 | Orc:2    | Mangled by an orc warrior

Skill      XL: |  1  2  3  4  5  6  7  8  9 10 11 12 |
---------------+-------------------------------------+-----
Unarmed Combat | 3 4 6 8 10 11 12 13 | 13.8
Shields        | 3 4 5 6 8 9 |  9.1
Fighting       | 3 6 8 9 |  9.6
Dodging        | 3 4 6 |  6.0
Invocations    | 4 6 |  6.9
Armour         | 2 4 |  4.1

Action                   |  1- 3 |  4- 6 |  7- 9 | 10-12 || total
-------------------------+-------+-------+-------+-------++-------
Melee: Unarmed           |   131 |   162 |   420 |   554 ||  1267
Throw: Tomahawk          |       |       |     5 |     9 ||    14
  Use: Scroll            |       |       |       |    20 ||    20
 Stab: Paralysed         |       |     1 |    13 |    29 ||    43
  Eat: Chunk             |    15 |    13 |    30 |    35 ||    93
Armor: Robe              |    43 |    44 |    99 |       ||   186
       Steam dragon scal |       |       |     4 |     9 ||    13
       Troll leather arm |       |       |       |    98 ||    98
Dodge: Dodged            |    34 |    45 |   160 |   167 ||   406
Block: Shield            |    59 |    62 |   227 |   251 ||   599
